 Dungeon Crawl Stone Soup version 0.28-a0-1447-ga5a8893891 (webtiles) character file.

Game seed: 4482628563267849550

2850 bande the Chopper (level 9, -8/55 HPs)
             Began as a Gargoyle Fighter on Jan 11, 2022.
             Mangled by a yak (9 damage)
             ... on level 5 of the Dungeon.
             The game lasted 00:13:49 (8055 turns).

bande the Chopper (Gargoyle Fighter)                Turns: 8055, Time: 00:13:50

Health: -8/55      AC: 16    Str: 19    XL:     9   Next: 74%
Magic:  9/9        EV:  7    Int: 10    God:
Gold:   202        SH: 10    Dex: 13    Spells: 8/8 levels left

rFire   . . .      SeeInvis .   a - +0 war axe
rCold   . . .      Faith    .   c - +0 buckler
rNeg    + + .      Spirit   .   f - +0 chain mail
rPois   ∞          Reflect  +   (no helmet)
rElec   +          Harm     .   (no cloak)
rCorr   .          Rampage  .   (no gloves)
Will    .....                   (no boots)
Stlth   ..........              b - amulet of reflection
HPRegen 0.18/turn               i - ring of positive energy
MPRegen 0.11/turn               (no ring)

@: no status effects
A: sickness immunity, AC +6, negative energy resistance 1, electricity
resistance, torment resistance 1, petrification resistance
a: no special abilities


You were on level 5 of the Dungeon.
You visited 1 branch of the dungeon, and saw 6 of its levels.

You collected 202 gold pieces.

Inventory:

Hand Weapons
 a - a +0 war axe (weapon)
 j - a +2 flail of venom
Armour
 c - a +0 buckler (worn)
 f - a +0 chain mail (worn)
Jewellery
 b - an amulet of reflection (around neck)
 i - a ring of positive energy (left hand)
Wands
 g - a wand of flame (22)
 p - a wand of polymorph (5)
Scrolls
 e - 6 scrolls of identify
 h - 3 scrolls of enchant weapon
 l - a scroll of fog
 m - a scroll of fear
 n - a scroll of teleportation
Potions
 d - a potion of brilliance
 k - 3 potions of haste


   Skills:
 + Level 5.9 Fighting
 + Level 7.4 Axes
 + Level 6.9 Armour
 + Level 6.6 Shields
 * Level 4.8 Evocations


You had 8 spell levels left.
You didn't know any spells.
Your spell library contained the following spells:

 Spells                   Type           Power      Damage    Failure   Level
 Animate Skeleton         Necr           0%         N/A       99%         1
 Apportation              Tloc           0%         N/A       99%         1
 Summon Small Mammal      Summ           0%         N/A       99%         1
 Call Canine Familiar     Summ           0%         N/A       100%        3
 Summon Guardian Golem    Hex/Summ       0%         N/A       100%        3


Dungeon Overview and Level Annotations

Branches:
Dungeon (6/15)
 Temple: D:4-7

Altars:

Shops:
D:2 (

Portals:
Abyss: D:5

Annotations:
D:5 2 transporters, Bediveer's ghost, novice MiFi


Innate Abilities, Weirdness & Mutations

You are immune to sickness and miasma.
Your stone body is resilient. (AC +6)
You are immune to poison.
You resist negative energy. (rN+)
You are resistant to electric shocks. (rElec)
You are resistant to unholy torment.
You are immune to petrification.


Message History

You block the yak's attack. The yak gores you!
* * * LOW HITPOINT WARNING * * *
You hit the yak but do no damage.
The yak is lightly wounded.
You hit the yak.
You kill the yak!
The yak gores you.
* * * LOW HITPOINT WARNING * * *
It was a potion of cancellation.
You feel magically purged. The yak gores you.
* * * LOW HITPOINT WARNING * * *
It was a potion of curing.
You feel better. The yak gores you but does no damage.
Found a stone staircase leading up.
The yak gores you.
* * * LOW HITPOINT WARNING * * *
There is a stone staircase leading up here.
You climb upwards.
Level annotation: 2 transporters, Bediveer's ghost, novice MiFi
There is a stone staircase leading down here.
You hit the yak.
The yak is moderately wounded.
You block the yak's attack. The yak gores you but does no damage.
You hit the yak but do no damage.
The yak is moderately wounded.
You block the yak's attack.
You hit the yak.
The yak is moderately wounded.
You block the yak's attack.
You barely miss the yak.
The yak is moderately wounded.
You block the yak's attack.
You slash the yak!
The yak is heavily wounded.
The yak barely misses you.
You slash the yak!
The yak is severely wounded.
The yak gores you!
* * * LOW HITPOINT WARNING * * *
The yak gores you!
You die...

.....##. .©∩.##.##....#
....##.. ####.##.#.....#
....#:.# #.©## ..##....#
....##.###...###x.#....#
.....###.......####...##
......................#
......................#
.............#.Y.....##
............#...@##.##
...............#.####
...............###
...............#
#............###
#.........♣♣.♣ ####
..........♣♣.♣♣♣#..#
..)......♣♣♣≈♣♣....#
........♣♣♣♣≈P♣.♣..##


You could see a yak and a small abomination.

Vanquished Creatures
  Grinder (D:5)
  4 yaks
  Eustachio (D:5)
  2 water moccasins
  A black bear (D:4)
  An ice beast (D:5)
  A necrophage (D:5)
  3 ogres
  2 phantoms
  3 scorpions
  3 wights
  A howler monkey (D:4)
  A bullfrog zombie (D:6)
  3 jellies
  4 hounds
  A bullfrog skeleton (D:5)
  2 centaur skeletons (D:4)
  Ijyb (D:3)
  An iguana (D:5)
  4 orc wizards
  4 gnolls
  4 adders
  3 river rats (D:5)
  A shadow imp (D:2)
  A white imp (D:6)
  2 worms
  2 dart slugs
  22 orcs
  3 ball pythons (D:1)
  7 bats
  2 endoplasms
  5 giant cockroaches
  9 goblins
  7 hobgoblins
  7 jackals
  8 kobolds
  6 quokkas
  7 frilled lizards
  4 rats
144 creatures vanquished.

Notes
Turn   | Place    | Note
-------+----------+-------------------------------------------
     0 | D:1      | bande the Gargoyle Fighter began the quest for the Orb.
     0 | D:1      | Reached XP level 1. HP: 14/14 MP: 1/1
   148 | D:1      | Reached XP level 2. HP: 7/19 MP: 2/2
   241 | D:1      | Reached skill level 2 in Axes
   397 | D:1      | Found a faded altar of an unknown god.
   463 | D:1      | Reached XP level 3. HP: 13/24 MP: 3/3
  1206 | D:2      | Found Sausiepp's Weapon Boutique.
  1376 | D:2      | Reached XP level 4. HP: 29/29 MP: 4/4
  1906 | D:2      | Reached XP level 5. HP: 23/33 MP: 5/5
  2328 | D:2      | Reached skill level 3 in Axes
  2827 | D:3      | Reached skill level 1 in Evocations
  3146 | D:3      | Noticed Ijyb
  3162 | D:3      | Killed Ijyb
  3163 | D:3      | Reached XP level 6. HP: 31/38 MP: 6/6
  4314 | D:4      | Noticed a black bear
  4325 | D:4      | Killed a black bear
  4326 | D:4      | Reached skill level 4 in Axes
  4326 | D:4      | Reached XP level 7. HP: 27/44 MP: 7/7
  4707 | D:4      | Reached skill level 5 in Armour
  5226 | D:4      | Reached skill level 5 in Shields
  5421 | D:5      | Entered Level 5 of the Dungeon
  5557 | D:5      | Reached XP level 8. HP: 38/48 MP: 8/8
  5567 | D:5      | Reached skill level 5 in Axes
  5776 | D:5      | Noticed Eustachio
  5780 | D:5      | Noticed Grinder
  5797 | D:5      | Killed Eustachio
  5803 | D:5      | Killed Grinder
  5804 | D:5      | Reached skill level 5 in Fighting
  6117 | D:5      | Reached skill level 6 in Axes
  6136 | D:5      | Found a transporter.
  6136 | D:5      | Found a one-way gate to the infinite horrors of the Abyss.
  6136 | D:5      | Noticed Bediveer's ghost (novice MiFi)
  6163 | D:5      | Noticed a toenail golem
  6173 | D:5      | Found a transporter.
  6371 | D:5      | Reached XP level 9. HP: 38/54 MP: 9/9
  7667 | D:6      | Reached skill level 7 in Axes
  7952 | D:6      | Identified the +2 leather armour of the Evil One {rElec
                  | Int+4}
  8055 | D:5      | HP: 1/55 [yak (9)]
  8055 | D:5      | Mangled by a yak

Illustrated notes

Levels and vault maps discovered:
D:1:      ncdulo_halloftheorcs, layout_rooms, hellmonk_ecumenical_altar_lost_god
D:2:      layout_loops_ring, serial_shops, shop
D:3:      layout_rooms, uniq_ijyb
D:4:      layout_loops_ring
D:5:      layout_cave_pools, gammafunk_ghost_abyssal_escape, serial_bayou,
          serial_bayou_shore_a, serial_bayou_lagoon_b, serial_bayou_crossing,
          serial_bayou_pond_c, gup_sewer_entry_spiral,
          kennysheep_generic_room_10, uniq_eustachio, uniq_grinder
D:6:      layout_loops_ring, chequers_arboretum

Skill      XL: |  1  2  3  4  5  6  7  8  9 |
---------------+----------------------------+-----
Axes           | 2 3 4 6 7 |  7.4
Armour         | 4 5 6 |  6.9
Shields        | 4 5 6 |  6.6
Evocations     | 1 2 3 4 |  4.8
Fighting       | 4 5 |  5.9

Action                   |  1- 3 |  4- 6 |  7- 9 || total
-------------------------+-------+-------+-------++-------
Melee: War axe           |   120 |   163 |   420 ||   703
  Use: Scroll            |       |     3 |     6 ||     9
       Potion            |       |       |     3 ||     3
Armor: Scale mail        |    82 |       |       ||    82
       Chain mail        |    16 |   157 |   212 ||   385
Dodge: Dodged            |    71 |    49 |   124 ||   244
Block: Buckler           |    41 |    97 |   191 ||   329
       Reflection        |       |     4 |     1 ||     5

Table legend: (Time is in decaauts)
 A = Elapsed time spent in this place.
 B = Non-inter-level travel time spent in this place.
 C = Inter-level travel time spent in this place.
 D = Time resting spent in this place.
 E = Time spent auto-exploring this place.
 F = Levels seen in this place.
 G = Mean time per level.
                   A        B        C        D        E       F      G
               +--------+--------+--------+--------+--------+-----+--------+
         Total |   8369 |   8305 |     64 |   2512 |   3957 |   6 | 1394.8 |
       Dungeon |   8369 |   8305 |     64 |   2512 |   3957 |   6 | 1394.8 |
               +--------+--------+--------+--------+--------+-----+--------+

Top non-repeatable levels by time:
     D:5: 2104 daAuts
     D:2: 1773 daAuts
     D:4: 1472 daAuts
     D:1: 1213 daAuts
     D:3: 1124 daAuts
     D:6: 681 daAuts
